 Dungeon Crawl Stone Soup version 0.24.0-13-gcf9b3192b9 (console) character file.

Game seed: 13070881504848424267, levelgen mode: deterministic

159 stickyfingers the Slasher (level 5, -1/41 HPs)
             Began as a Barachi Chaos Knight on Nov 10, 2019.
             Was a Plaything of Xom.
             Slain by an orc wizard
             ... wielding a +0 dagger
              (2 damage)
             ... on level 2 of the Dungeon.
             The game lasted 00:03:21 (2714 turns).

stickyfingers the Slasher (Barachi Chaos Knight)    Turns: 2714, Time: 00:03:21

Health: -1/41      AC:  5    Str: 15    XL:     5   Next: 40%
Magic:  5/5        EV: 11    Int: 12    God:    Xom [....*.]
Gold:   195        SH:  0    Dex: 11    Spells: 4/4 levels left

rFire    . . .     SeeInvis .   a - +0 falchion (chaos)
rCold    . . .     Gourm    +   (no shield)
rNeg     . . .     Faith    .   b - +2 leather armour
rPois    .         Spirit   .   (no helmet)
rElec    .         Reflect  .   (no cloak)
rCorr    .         Harm     .   (no gloves)
MR       .....                  (no boots)
Stlth    +.........             h - amulet of the gourmand
HPRegen  0.13/turn              (no ring)
MPRegen  0.09/turn              (no ring)

@: slow
A: +LOS, swims, screaming 1, slowness 1, strong legs 1
a: Hop, Renounce Religion


You were on level 2 of the Dungeon.
You worshipped Xom.
You were a beloved toy of Xom.
You were very full.

You visited 1 branch of the dungeon, and saw 3 of its levels.

You collected 195 gold pieces.

Inventory:

Hand Weapons
 a - a +0 falchion of chaos (weapon)
 p - a +0 hunting sling
   (You took it off a goblin on level 2 of the Dungeon)
 q - a +2 whip of venom
   (You took it off an orc on level 3 of the Dungeon)
Missiles
 d - 94 stones (quivered)
 e - 10 poisoned darts
 i - 32 sling bullets
 k - 3 boomerangs
 m - 8 curare-tipped darts
 u - 2 javelins
Armour
 b - a +2 leather armour (worn)
 t - a +0 pair of gloves
   (You found it on level 3 of the Dungeon)
Jewellery
 f - an uncursed ring of wizardry {unknown}
   (You found it on level 3 of the Dungeon)
 h - an amulet of the gourmand (around neck)
   (You found it on level 1 of the Dungeon)
Scrolls
 n - 2 scrolls of teleportation {unknown}
 o - 3 scrolls of identify {unknown}
 r - a scroll of immolation {unknown}
Potions
 g - a potion of degeneration {unknown}
 j - 2 potions of curing {unknown}
 l - a potion of brilliance {unknown}
 s - a potion of haste {unknown}
Comestibles
 c - 2 rations


   Skills:
 - Level 3.6 Fighting
 + Level 7.1 Long Blades
 - Level 2.4 Armour
 - Level 1.1 Dodging


You had 4 spell levels left.
You didn't know any spells.
Your spell library was empty.

Dungeon Overview and Level Annotations

Branches:
Dungeon (3/15)

Altars:
Nemelex Xobeh
Xom


Innate Abilities, Weirdness & Mutations

Shadows flee at your approach. (+LOS)
You can swim through water.
You cover ground slowly.
You can hop short distances.
You occasionally shout uncontrollably at your foes.


Message History

You hit the orc priest.
You feel better.
The orc priest is severely wounded.
The orc wizard barely misses you.
The orc priest hits you with a +0 flail.
You closely miss the orc priest.
The orc priest is severely wounded.
The orc wizard misses you. The orc priest closely misses you.
You hit the orc priest.
You kill the orc priest!
Your Long Blades skill increases to level 7! "Forecast: mostly cloudy."
The orc wizard gestures at you while chanting.
You resist with some effort.
You hit the orc wizard. You freeze the orc wizard.
The orc wizard is lightly wounded.
The orc wizard barely misses you.
You closely miss the orc wizard.
The orc wizard is lightly wounded.
The orc wizard gestures at you while chanting.
The puff of flame hits you.
You hit the orc wizard but do no damage.
The orc wizard is lightly wounded.
The orc wizard hits you with a +0 dagger.
You closely miss the orc wizard.
The orc wizard is lightly wounded.
The orc wizard hits you but does no damage.
You miss the orc wizard.
The orc wizard is lightly wounded.
The orc wizard gestures at you while chanting.
The magic dart hits you.
You closely miss the orc wizard.
The orc wizard is lightly wounded.
The orc wizard barely misses you.
You hit the orc wizard but do no damage.
The orc wizard is lightly wounded.
You closely miss the orc wizard.
The orc wizard is lightly wounded.
The orc wizard closely misses you.
You riposte.
You miss the orc wizard.
The orc wizard is lightly wounded.
You hit the orc wizard but do no damage.
The orc wizard is lightly wounded.
The orc wizard hits you with a +0 dagger.
You barely miss the orc wizard.
The orc wizard is lightly wounded.
You are ready to hop once more.
The orc wizard hits you but does no damage.
You closely miss the orc wizard.
The orc wizard is lightly wounded.
The orc wizard closely misses you.
You hit the orc wizard.
The orc wizard jerks violently for a moment.
The orc wizard is moderately wounded.
The orc wizard gestures at you while chanting.
You are confused.
You are too confused!
You're too confused to move!
Xom briefly touches your surroundings.
The orc wizard hits you with a +0 dagger.
You miss the orc wizard.
The orc wizard is moderately wounded.
The orc wizard hits you with a +0 dagger.
You're too confused to move!
The orc wizard points at you and mumbles some strange words.
The puff of flame hits you!
The orc wizard gestures at you while chanting.
You resist with some effort.
You feel less confused.
The orc wizard points at you and mumbles some strange words.
You resist with some effort.
You closely miss the orc wizard.
The orc wizard is moderately wounded.
The orc wizard points at you and mumbles some strange words.
The puff of flame hits you!
* * * LOW HITPOINT WARNING * * *
You hit the orc wizard but do no damage.
The orc wizard is moderately wounded.
The orc wizard hits you but does no damage.
You hit the orc wizard but do no damage.
The orc wizard is moderately wounded.
The orc wizard mumbles some strange words.
The orc wizard flickers and vanishes!
Deactivating autopickup; reactivate with Ctrl-A.
You closely miss something. Something hits you but does no damage.
You miss something. Something hits you but does no damage.
Something hits you but does no damage.
There is a stone staircase leading down here.
You hear some strange, mumbled words.
A puff of flame appears from out of thin air!
The puff of flame misses you.
There is a stone staircase leading up here.
Something hits you.
* * * LOW HITPOINT WARNING * * *
You climb upwards.
Reactivating autopickup.
There is a stone staircase leading down here.
Unknown command.
Something hits you but does no damage.
Deactivating autopickup; reactivate with Ctrl-A.
Something hits you.
You die...

###...#...#..............#
.#.##.#.###.#.#.#.#.....##
..[.##.##...#.#.#.##...##
............#.#.#.###.##
#........#..#.#.#.#
#.##########
#........#......#.#
#...>......#
_........#......#.#
##########.#
##...#...)........# #.#
#..............### #.#
#.......##[..>.######## #.#
#####.###....#.@......# #)#
#.....#...#######.# #.##
#..##.....##### #.# #..#
#..###.#......# #.# ##.# #..#
#.##.###.###.# #.#
#..###.##.#.....#.# #.#
##.........#.###.#.########.#
##.......##...# #..........#.#
#...........#.###.#..........#
##..........#........#####.###
#..........#######.## #.#


There were no monsters in sight!

Vanquished Creatures
  An orc priest (D:3)
  A hound zombie (D:3)
  3 adders (D:2 D:3)
  An ooze (D:1)
  2 worms (D:2)
  3 dart slugs (D:2)
  3 leopard geckos (D:1 D:2)
  2 orcs (D:3)
  2 ball pythons (D:2 D:3)
  7 bats (D:1 D:2 D:3)
  7 giant cockroaches (D:1 D:2 D:3)
  7 goblins (D:1 D:2 D:3)
  5 hobgoblins (D:1 D:3)
  2 jackals (D:2)
  8 kobolds (D:1 D:2 D:3)
  A quokka (D:2)
  9 frilled lizards (D:1 D:2 D:3)
  8 rats (D:1 D:2 D:3)
72 creatures vanquished.

Notes
Turn   | Place    | Note
-------+----------+-------------------------------------------
     0 | D:1      | stickyfingers the Barachi Chaos Knight began the quest for
                  | the Orb.
     0 | D:1      | Reached XP level 1. HP: 18/18 MP: 1/1
    66 | D:1      | XOM: divination: detect items
    74 | D:1      | Reached skill level 4 in Long Blades
   304 | D:1      | Reached XP level 2. HP: 24/24 MP: 2/2
   425 | D:1      | XOM: scenery: create altars
   482 | D:1      | XOM: 3-stop teleportation journey
   663 | D:1      | Reached skill level 5 in Long Blades
   663 | D:1      | Reached XP level 3. HP: 26/29 MP: 3/3
   856 | D:1      | XOM: mild Tmut miscast
   886 | D:1      | XOM: mild Tmut miscast
   889 | D:1      | XOM: mild Air miscast
  1105 | D:2      | XOM: polymorph hobgoblin -> dart slug
  1228 | D:2      | XOM: repel stairs
  1320 | D:2      | XOM: give mutations
  1320 | D:2      | Gained mutation: You expend magic power (3 MP) to
                  | strengthen your wands. [Xom's mischief]
  1320 | D:2      | Gained mutation: You occasionally shout uncontrollably at
                  | your foes. [Xom's mischief]
  1320 | D:2      | Lost mutation: You expend magic power (3 MP) to strengthen
                  | your wands. [Xom's mischief]
  1363 | D:2      | Reached XP level 4. HP: 36/36 MP: 4/4
  1427 | D:2      | XOM: give mutations
  1427 | D:2      | Gained mutation: You are dopey. (Int -2) [Xom's mischief]
  1427 | D:2      | Lost mutation: You are dopey. (Int -2) [Xom's mischief]
  1572 | D:2      | Reached skill level 6 in Long Blades
  1583 | D:2      | Found a sparkling altar of Nemelex Xobeh.
  2170 | D:3      | XOM: 1-stop teleportation journey
  2178 | D:3      | XOM: fog
  2326 | D:3      | Reached XP level 5. HP: 40/41 MP: 5/5
  2648 | D:3      | XOM: scenery: create altars
  2683 | D:3      | Reached skill level 7 in Long Blades
  2683 | D:3      | XOM: fog
  2696 | D:3      | XOM: scenery: create altars
  2703 | D:3      | HP: 4/41 [orc wizard/puff of flame (11)]
  2711 | D:3      | HP: 1/41 [something (4)]
  2714 | D:2      | Slain by an orc wizard

Levels and vault maps discovered:
D:1:      minmay_arrival_shoal_huts, layout_loops_corners, minmay_lizard_king
D:2:      layout_loops_ring, overflow_temple_1_default, minmay_misc_feat_tiny,
          minmay_ruptured
D:3:      layout_basic

Skill      XL: |  1  2  3  4  5 |
---------------+----------------+-----
Long Blades    | 4 5 6 7 |  7.1
Fighting       | |  3.6
Armour         | |  2.4
Dodging        | |  1.1

Action                   |  1- 3 |  4- 6 || total
-------------------------+-------+-------++-------
Melee: Falchion          |    85 |   105 ||   190
Throw: Stone             |    55 |    20 ||    75
 Abil: Hop               |       |     1 ||     1
 Stab: Paralysed         |       |     2 ||     2
  Eat: Chunk             |    14 |     4 ||    18
Armor: Leather armour    |    34 |    42 ||    76
Dodge: Dodged            |    47 |    56 ||   103
       Rpst.: Falchion   |    13 |    19 ||    32
